 Dungeon Crawl Stone Soup version bcrawl-1.41.1 (webtiles) character file.

Game seed: 13081478160090643889

230364 Grimmash the Ducker (level 7, -2/72 HPs)
             Began as an Ent Archaeologist on Apr 19, 2024.
             Slain by a quokka zombie (3 damage)
             ... on level 5 of the Dungeon.
             The game lasted 00:05:37 (4322 turns).

Grimmash the Ducker (Ent Archaeologist)             Turns: 4322, Time: 00:05:38

Health: -2/72      AC: 18    Str: 18    XL:     7   Next: 86%
Magic:  20/20      EV:  4    Int: 23    God:
Gold:   99         SH: 15    Dex:  8    Spells: 12/12 levels left

rFire    . . .     GDR:     29% a - +0 bardiche "Eweube Licek" {freeze, rElec MP+9}
rCold    . . .     SeeInvis .   f - +2 large shield {AC+3}
rNeg     + + +     Gourm    .   (armour unavailable)
rPois    +         Faith    .   c - +1 hat
rElec    +         Spirit   .   (no cloak)
rCorr    .         Reflect  .   (gloves unavailable)
MR       .....                  (boots unavailable)
Stlth    ++........             (no amulet)
HPRegen  0.22/turn              n - +6 ring of intelligence
MPRegen  0.17/turn              (no ring)

@: starving, very slow
A: large, slow actions, passwall, strong branches, negative energy resistance 3,
poison resistance, slow metabolism 1, torment resistance, unbreathing, AC +14
a: Passwall


You were on level 5 of the Dungeon.
You were starving.

You visited 1 branch of the dungeon, and saw 5 of its levels.

You collected 365 gold pieces.
You spent 266 gold pieces at shops.

Inventory:

Hand Weapons
 a - the +0 bardiche "Eweube Licek" (weapon) {freeze, rElec MP+9}
   (You bought it in a shop on level 5 of the Dungeon)

   It has been specially enchanted to freeze those struck by it, increasing
   damage dealt by approximately one third against foes not resistant or
   susceptible to cold, and potentially slowing cold-blooded foes.
   It insulates you from electricity.
   It affects your magic capacity (+9).
 b - a +0 blowgun
 v - a +0 mace
 C - a +3 hand axe
Missiles
 d - 6 curare-tipped needles
 m - 220 poisoned needles
 o - 122 javelins (quivered)
 x - 34 poisoned tomahawks
 y - 46 needles of confusion
 A - 14 needles of frenzy {=f}
Armour
 c - a +1 hat (worn)
 f - a +2 large shield of protection (worn)
Jewellery
 n - a +6 ring of intelligence (left hand)
Scrolls
 g - 2 scrolls of revelation
 h - 2 scrolls of teleportation
 i - 4 scrolls of identify
 j - a scroll of remove curse
 l - 4 scrolls of enchant weapon {unknown}
 r - a scroll of immolation {unknown}
 s - 4 scrolls of blinking {unknown}
 u - 2 scrolls of fear {unknown}
 w - 2 scrolls of amnesia {unknown}
Potions
 k - a potion of mutation {unknown}
 p - 2 potions of degeneration {unknown}
 q - 3 potions of flight {unknown}
 t - 2 potions of haste {unknown}
 z - a potion of might {unknown}
 B - 2 potions of curing {unknown}
 D - a potion of brilliance {unknown}
Comestibles
 e - 12 rations {!d}


   Skills:
 * Level 3.1 Fighting
 + Level 2.0(2.5) Axes
 * Level 3.9(4.5) Maces & Flails
 + Level 0.5 Throwing
 * Level 5.1 Dodging
 + Level 4.3 Stealth
 * Level 3.0 Shields
 * Level 3.0 Spellcasting


You had 12 spell levels left.
You didn't know any spells.
Your spell library was empty.

Dungeon Overview and Level Annotations

Branches:
Dungeon (5/12)
 Temple: D:4-7

Altars:
Elyvilon

Shops:
D:5 (


Innate Abilities, Weirdness & Mutations

You move and act slowly.
You can pass through walls and trees.
Your branches can wield two-handed weapons with a shield.
Your thick bark is tough. (AC +14)
You are too large for most types of armour.
You are immune to negative energy. (rN+++)
Your system is resistant to poisons. (rPois)
You have a slow metabolism.
You are immune to unholy pain and torment.
You can survive without breathing.


Message History

The quokka bites you but does no damage.
The quokka zombie bites you but does no damage.
The quokka bites you but does no damage.
The quokka zombie bites you but does no damage.
The quokka bites you but does no damage.
No path to travel!
You miss the quokka. You block the quokka's attack.
You block the quokka zombie's attack. The quokka barely misses you.
The quokka zombie bites you but does no damage.
The quokka bites you but does no damage.
You miss the quokka. The quokka bites you.
* * * LOW HITPOINT WARNING * * *
The quokka zombie bites you but does no damage.
You block the quokka's attack.
The quokka zombie bites you but does no damage.
The quokka bites you.
* * * LOW HITPOINT WARNING * * *
You block the quokka zombie's attack. You block the quokka's attack.
The quokka zombie bites you.
You die...

#.# #....# ... #...#
#.#.# #.#..##.##..####
#.#.# ##..#.........
#.#.# #......######
####.#.###......#
.....#.##......(#
..##.....#......##
....†..+......>..########
.......########Z@r#.....#
.......+ #.#.......#
.......# #.........#
.##..#.# #.#.......#
.##..#.# ####.#.........#
..##...# #............#.#
...##..# ..............#
.......# .....#...#.∩.#
##...###### #...........#


You could see a quokka zombie and a quokka.

Vanquished Creatures
  A water moccasin (D:4)
  2 ogres
  A bullfrog (D:5)
  A kobold brigand (D:4)
  A scorpion (D:5)
  An orc priest (D:5)
  A crimson imp (D:4)
  2 hounds
  An orc wizard (D:4)
  2 iguanas (D:5)
  2 worker ants
  A hound skeleton (D:4)
  Robin (D:2)
  6 adders
  A gnoll (D:1)
  A shadow imp (D:5)
  2 worms
  2 dart slugs
  5 leopard geckos
  17 orcs
  2 bats
  4 giant cockroaches
  15 goblins
  11 hobgoblins
  4 jackals (D:3)
  4 quokkas
  A ball python (D:3)
  5 frilled lizards
  3 kobolds
  A quokka skeleton (D:5)
  3 rats
104 creatures vanquished.

Vanquished Creatures (others)
  A quokka (D:3)
1 creature vanquished.

Grand Total: 105 creatures vanquished

Notes
Turn   | Place    | Note
-------+----------+-------------------------------------------
     0 | D:1      | Grimmash the Ent Archaeologist began the quest for the Orb.
     0 | D:1      | Reached XP level 1. HP: 21/21 MP: 1/1
   332 | D:1      | Reached skill level 3 in Dodging
   332 | D:1      | Reached XP level 2. HP: 23/29 MP: 2/2
  1114 | D:2      | Reached XP level 3. HP: 33/36 MP: 4/4
  1188 | D:2      | Noticed Robin
  1203 | D:2      | Killed Robin
  1204 | D:2      | Reached skill level 1 in Spellcasting
  2280 | D:3      | Reached XP level 4. HP: 36/46 MP: 5/5
  2563 | D:3      | Found a white marble altar of Elyvilon.
  2595 | D:3      | Reached XP level 5. HP: 53/53 MP: 7/7
  2595 | D:3      | Identified a scroll of acquirement
  2595 | D:3      | Identified the amulet "Oseonal" {Regen rF+ rN+ Str+3} (You
                  | acquired it on level 3 of the Dungeon)
  2821 | D:3      | Found an ancient bone altar of Kikubaaqudgha.
  3046 | D:4      | Reached skill level 1 in Shields
  3058 | D:4      | Reached skill level 1 in Axes
  3084 | D:4      | Reached XP level 6. HP: 58/61 MP: 9/9
  3299 | D:4      | Noticed a water moccasin
  3316 | D:4      | Killed a water moccasin
  3317 | D:4      | Reached skill level 4 in Dodging
  3652 | D:4      | HP: 2/64 [ogre/+0 giant club (5)]
  3654 | D:4      | Reached XP level 7. HP: 2/71 MP: 10/10
  3908 | D:5      | Entered Level 5 of the Dungeon
  4136 | D:5      | Reached skill level 5 in Dodging
  4219 | D:5      | Found Weseuviu's Antique Weapon Shoppe.
  4231 | D:5      | Bought a shimmering bardiche for 266 gold pieces
  4231 | D:5      | Identified the cursed +0 bardiche "Eweube Licek" {freeze,
                  | rElec MP+9} (You bought it in a shop on level 5 of the
                  | Dungeon)
  4312 | D:5      | HP: 2/72 [quokka (3)]
  4318 | D:5      | HP: 2/72 [quokka (2)]
  4322 | D:5      | Slain by a quokka zombie

Skill      XL: |  1  2  3  4  5  6  7 |
---------------+----------------------+-----
Dodging        | 3 4 5 |  5.1
Stealth        | 4 |  4.3
Maces & Flails | 2 3 |  3.9
Spellcasting   | 1 2 3 |  3.0
Fighting       | 2 3 |  3.1
Shields        | 1 2 3 |  3.0
Axes           | 1 2 |  2.0
Throwing       | |  0.5

Action                   |  1- 3 |  4- 6 |  7- 9 || total
-------------------------+-------+-------+-------++-------
Melee: Whip              |    94 |       |       ||    94
       Hand axe          |    40 |   246 |    64 ||   350
       Bardiche          |       |       |    50 ||    50
Throw: Javelin           |       |     3 |     7 ||    10
  Use: Scroll            |     2 |     1 |     3 ||     6
 Stab: Sleeping          |     5 |     6 |       ||    11
       Distracted        |       |       |     1 ||     1
  Eat: Chunk             |     4 |    11 |     4 ||    19
       Ration            |     1 |       |     1 ||     2
Armor: Skin              |    65 |   243 |   228 ||   536
Dodge: Dodged            |    76 |    78 |    52 ||   206
Block: Large shield      |       |   204 |   202 ||   406
